 Dungeon Crawl Stone Soup version 0.29-a0-11-ga75d3d97ab (webtiles) character file.

Game seed: 6109954073665468673

9 testman the Chucker (level 2, -2/28 HPs)
             Began as a Troll Hunter on Jan 28, 2022.
             Slain by Natasha (5 damage)
             ... on level 2 of the Dungeon.
             The game lasted 00:01:20 (91 turns).

testman the Chucker (Troll Hunter)                    Turns: 91, Time: 00:01:20

Health: -2/28      AC:  4    Str: 19    XL:     2   Next: 6%
Magic:  1/1        EV:  9    Int:  7    God:
Gold:   0          SH:  0    Dex: 10    Spells: 1/1 levels left

rFire   . . .      SeeInvis .   e - +0 whip
rCold   . . .      Faith    .   (no shield)
rNeg    . . .      Spirit   .   b - +0 robe
rPois   .          Reflect  .   (helmet restricted)
rElec   .          Harm     .   (no cloak)
rCorr   .          Rampage  .   (gloves unavailable)
Will    .....                   (boots unavailable)
Stlth   +.........              (no amulet)
HPRegen 0.89/turn               (no ring)
MPRegen 0.07/turn               (no ring)

@: no status effects
A: large, unfitting armour, claws 3, regeneration 1, shaggy fur 1, tough skin 1
a: no special abilities


You were on level 2 of the Dungeon.
You visited 1 branch of the dungeon, and saw 2 of its levels.

Inventory:

Hand Weapons
 a - a +0 short sword
 e - a +0 whip (weapon)
Missiles
 c - 5 large rocks (quivered)
 d - 2 throwing nets
 f - a stone
Armour
 b - a +0 robe (worn)
Scrolls
 g - a scroll of magic mapping {unknown}
 h - a scroll of teleportation {unknown}


   Skills:
 + Level 2.0 Fighting
 + Level 0.0 Maces & Flails
 + Level 3.8 Throwing
 - Level 1.5 Dodging
 - Level 0.3 Stealth


You had one spell level left.
You didn't know any spells.
Your spell library was empty.

Dungeon Overview and Level Annotations

Branches:
Dungeon (1/15)

Altars:

Annotations:
D:2 Natasha


Innate Abilities, Weirdness & Mutations

You are too large for most types of armour.
You have claws for hands.
Your natural rate of healing is unusually fast.
You are covered in fur. (AC +1)
You have tough skin. (AC +1)


Message History

Natasha claws you. The crimson imp closely misses you. Natasha claws you.
You are too injured to fight recklessly!
You are too injured to fight recklessly!
The crimson imp blinks!
You barely miss Natasha. Natasha claws you.
You barely miss Natasha.
Natasha stares at you and mumbles some strange words.
The magic dart hits you.
You hit Natasha.
Natasha is lightly wounded.
Natasha mumbles some strange words.
Natasha glows brightly for a moment.
Natasha mumbles some strange words.
You hit Natasha.
Natasha is heavily wounded.
Natasha barely misses you. The crimson imp closely misses you.
The crimson imp blinks!
Natasha mumbles some strange words.
You see here a quokka corpse.
The crimson imp grinds its teeth.
The crimson imp shouts, "Get thee gone, thou erky sow-suckled swadder!"
The crimson imp blinks!
You hit Natasha.
Natasha is severely wounded.
The crimson imp disappears in a puff of smoke!
Natasha claws you!
You miss Natasha.
Natasha is severely wounded.
Natasha claws you.
* * * LOW HITPOINT WARNING * * *
You hit Natasha.
Natasha is almost dead.
Natasha claws you.
* * * LOW HITPOINT WARNING * * *
The crimson imp hits you.
* * * LOW HITPOINT WARNING * * *
You closely miss Natasha.
Natasha is almost dead.
Natasha claws you.
You die...

#..........#
#..........#
#..........#
#.....:....# #.#w#
#.....?...# #.#.#
#.........# #.#.#
######.........###.#.#
#.......5#.....##....#
.####.@###.5..##....###
#h## ##h####......#
##.###.##.........#
#..#†###.........#
#.#h.# #.^.......#
#.#..######......#
#..............#†#
###..######...##.#
.....# ######.#


You could see Natasha and a crimson imp (summoned).

Vanquished Creatures
  2 ball pythons (D:2)
  3 jackals (D:2)
  A quokka (D:2)
  A frilled lizard (D:2)
  A kobold (D:2)
  A rat (D:2)
9 creatures vanquished.

Vanquished Creatures (others)
  17 plants (D:2)
17 creatures vanquished.

Grand Total: 26 creatures vanquished

Notes
Turn   | Place    | Note
-------+----------+-------------------------------------------
     0 | D:1      | testman the Troll Hunter began the quest for the Orb.
     0 | D:1      | Reached XP level 1. HP: 19/19 MP: 0/0
     7 | D:1      | You fall into a shaft and drop 1 floor!
    64 | D:2      | Reached XP level 2. HP: 28/28 MP: 1/1
    66 | D:2      | Noticed Natasha
    68 | D:2      | Noticed a crimson imp
    78 | D:2      | Noticed a crimson imp
    91 | D:2      | Slain by Natasha

Illustrated notes

Levels and vault maps discovered:
D:1:      amcnicky_arrival_choice, layout_rooms, st_stairs_10,
          amcnicky_mini_pool_small, item_on_display_a
D:2:      layout_loops_ring, basic_altar, serial_bayou_lake_a,
          uniq_crazy_yiuf_cottage, uniq_jessica, uniq_natasha

Skill      XL: |  1  2 |
---------------+-------+-----
Fighting       | 2 |  2.0
Throwing       | |  3.8
Dodging        | |  1.5
Stealth        | |  0.3

Action                   || total
-------------------------++-------
Melee: Short sword       ||    20
       Whip              ||    17
       Punch             ||     1
 Stab: Sleeping          ||     1
Armor: Robe              ||    13
Dodge: Dodged            ||    20

Table legend: (Time is in decaauts)
 A = Elapsed time spent in this place.
 B = Non-inter-level travel time spent in this place.
 C = Inter-level travel time spent in this place.
 D = Time resting spent in this place.
 E = Time spent auto-exploring this place.
 F = Levels seen in this place.
 G = Mean time per level.
                   A        B        C        D        E       F      G
               +--------+--------+--------+--------+--------+-----+--------+
         Total |     93 |     93 |      0 |      4 |     19 |   2 |   46.5 |
       Dungeon |     93 |     93 |      0 |      4 |     19 |   2 |   46.5 |
               +--------+--------+--------+--------+--------+-----+--------+

Top non-repeatable levels by time:
     D:2: 86 daAuts
     D:1: 7 daAuts
